1906 views
Uploaded 2023-08-07 18:59:00
Game version 1.36 (6115)
26:36 long 3on3 ladder game on (6)UpperKingdom
Saved by GIGA
1906 views
Uploaded 2023-08-07 18:59:00
Game version 1.36 (6115)
26:36 long 3on3 ladder game on (6)UpperKingdom


89 units @ 8.2k
/ 1.1k
149 buildings @ 11k
/ 5.7k


| Peasant | 14 | 1050 | / | 0 |
| Mortar Team | 2 | 360 | / | 140 |
| Dragonhawk Rider | 2 | 400 | / | 60 |
| total: | 18 | 1810g | / | 200w |
| Scout Tower | 57 | 1710 | / | 1140 |
| Arcane Tower | 10 | 700 | / | 500 |
| Guard Tower | 14 | 980 | / | 700 |
| Altar of Kings | 1 | 180 | / | 50 |
| Farm | 9 | 720 | / | 180 |
| Lumber Mill | 2 | 240 | / | 0 |
| Blacksmith | 1 | 140 | / | 60 |
| Arcane Vault | 1 | 130 | / | 30 |
| Arcane Sanctum | 1 | 150 | / | 140 |
| Workshop | 1 | 140 | / | 140 |
| Gryphon Aviary | 1 | 140 | / | 150 |
| Keep | 1 | 320 | / | 210 |
| Castle | 1 | 360 | / | 210 |
| total: | 74 | 3550g | / | 1890w |
| 0:03 | Peasant |
| 0:03 | Peasant |
| 0:07 | Altar of Kings |
| 0:11 | Farm |
| 0:19 | Peasant |
| 0:27 | Lumber Mill |
| 0:36 | Peasant |
| 0:44 | Farm |
| 0:56 | Peasant |
| 1:14 | Peasant |
| 1:16 | Improved Lumber Harvesting |
| 1:19 | Scout Tower |
| 1:22 | Peasant |
| 1:35 | Peasant |
| 1:42 | Farm |
| 1:46 | Farm |
| 1:48 | Arcane Tower |
| 1:54 | Peasant |
| 2:02 | Peasant |
| 2:16 | Improved Masonry |
| 2:20 | Peasant |
| 2:24 | Storm Bolt |
| 2:55 | Peasant |
| 2:55 | Peasant |
| 2:55 | Peasant |
| 3:06 | Scout Tower |
| 3:07 | Scout Tower |
| 3:10 | Scout Tower |
| 3:11 | Scout Tower |
| 3:28 | Scout Tower |
| 3:30 | Scout Tower |
| 3:39 | Scout Tower |
| 3:40 | Guard Tower |
| 3:41 | Scout Tower |
| 3:43 | Scout Tower |
| 4:00 | Keep |
| 4:01 | Guard Tower |
| 4:04 | Guard Tower |
| 4:08 | Scout Tower |
| 4:10 | Scout Tower |
| 4:11 | Scout Tower |
| 4:13 | Scout Tower |
| 4:33 | Guard Tower |
| 4:35 | Guard Tower |
| 4:37 | Scout Tower |
| 4:41 | Scout Tower |
| 4:43 | Scout Tower |
| 5:02 | Guard Tower |
| 5:04 | Guard Tower |
| 5:09 | Scout Tower |
| 5:10 | Scout Tower |
| 5:11 | Scout Tower |
| 5:12 | Scout Tower |
| 5:33 | Storm Bolt |
| 5:47 | Guard Tower |
| 5:49 | Scout Tower |
| 5:50 | Scout Tower |
| 5:51 | Scout Tower |
| 5:52 | Scout Tower |
| 5:53 | Scout Tower |
| 5:54 | Scout Tower |
| 5:55 | Scout Tower |
| 5:59 | Scout Tower |
| 6:00 | Scout Tower |
| 6:02 | Scout Tower |
| 6:02 | Scout Tower |
| 6:03 | Scout Tower |
| 6:04 | Scout Tower |
| 6:05 | Scout Tower |
| 6:08 | Bash |
| 6:37 | Guard Tower |
| 6:48 | Advanced Masonry |
| 6:51 | Arcane Tower |
| 7:20 | Holy Light |
| 7:26 | Castle |
| 7:59 | Arcane Tower |
| 8:28 | Arcane Tower |
| 8:31 | Arcane Tower |
| 8:32 | Arcane Tower |
| 9:03 | Arcane Sanctum |
| 9:12 | Lumber Mill |
| 9:34 | Arcane Tower |
| 10:18 | Imbued Masonry |
| 10:49 | Magic Sentry |
| 10:55 | Arcane Tower |
| 10:59 | Blacksmith |
| 11:06 | Storm Bolt |
| 11:13 | Divine Shield |
| 11:22 | Scout Tower |
| 11:29 | Storm Bolt |
| 12:33 | Guard Tower |
| 12:35 | Scout Tower |
| 12:40 | Scout Tower |
| 12:42 | Scout Tower |
| 12:46 | Scout Tower |
| 12:48 | Scout Tower |
| 13:07 | Guard Tower |
| 13:35 | Black Gunpowder |
| 13:38 | Workshop |
| 13:45 | Scout Tower |
| 14:04 | Guard Tower |
| 14:08 | Gryphon Aviary |
| 14:12 | Arcane Vault |
| 14:18 | Scout Tower |
| 14:21 | Scout Tower |
| 14:22 | Scout Tower |
| 14:22 | Scout Tower |
| 14:23 | Scout Tower |
| 14:25 | Arcane Tower |
| 15:09 | Fragmentation Shards |
| 15:10 | Flare |
| 15:10 | Mortar Team |
| 15:11 | Mortar Team |
| 15:14 | Farm |
| 15:16 | Farm |
| 16:04 | Guard Tower |
| 18:20 | Scout Tower |
| 18:21 | Scout Tower |
| 18:22 | Scout Tower |
| 18:23 | Scout Tower |
| 18:23 | Scout Tower |
| 18:24 | Scout Tower |
| 18:26 | Scout Tower |
| 18:26 | Scout Tower |
| 18:27 | Scout Tower |
| 18:28 | Scout Tower |
| 19:36 | Guard Tower |
| 20:28 | Arcane Tower |
| 20:32 | Farm |
| 20:33 | Farm |
| 23:11 | Dragonhawk Rider |
| 23:12 | Dragonhawk Rider |
| 23:19 | Farm |
| 23:30 | Holy Light |
| Right click | 1297 |
| Select group | 1030 |
| Select | 313 |
| Build/train/purchase | 72 |
| Use ability | 31 |
| Resource trade | 24 |
| Assign group | 17 |
| Minimap ping | 12 |
| Misc. action | 4 |
| Esc | 2 |
| Item give/drop | 1 |


| Healing Salve | 1 | 100 |
| total: | 1 | 100g |
| Peasant | 23 | 1725 | / | 0 |
| Mortar Team | 3 | 540 | / | 210 |
| Flying Machine | 19 | 1900 | / | 570 |
| total: | 45 | 4165g | / | 780w |
| Scout Tower | 25 | 750 | / | 500 |
| Arcane Tower | 2 | 140 | / | 100 |
| Guard Tower | 12 | 840 | / | 600 |
| Altar of Kings | 1 | 180 | / | 50 |
| Farm | 15 | 1200 | / | 300 |
| Barracks | 1 | 160 | / | 60 |
| Lumber Mill | 2 | 240 | / | 0 |
| Town Hall | 1 | 385 | / | 205 |
| Blacksmith | 1 | 140 | / | 60 |
| Arcane Vault | 1 | 130 | / | 30 |
| Workshop | 4 | 560 | / | 560 |
| Gryphon Aviary | 1 | 140 | / | 150 |
| Keep | 1 | 320 | / | 210 |
| Castle | 1 | 360 | / | 210 |
| total: | 52 | 3885g | / | 1915w |
| 0:04 | Peasant |
| 0:04 | Peasant |
| 0:07 | Altar of Kings |
| 0:08 | Peasant |
| 0:24 | Farm |
| 0:25 | Peasant |
| 0:36 | Peasant |
| 0:51 | Barracks |
| 0:55 | Lumber Mill |
| 0:56 | Peasant |
| 0:59 | Farm |
| 1:02 | Scout Tower |
| 1:25 | Peasant |
| 1:49 | Arcane Tower |
| 1:55 | Peasant |
| 2:08 | Peasant |
| 2:19 | Scout Tower |
| 2:53 | Bash |
| 3:23 | Guard Tower |
| 3:37 | Town Hall |
| 4:19 | Peasant |
| 4:19 | Peasant |
| 4:22 | Scout Tower |
| 4:23 | Scout Tower |
| 4:24 | Scout Tower |
| 4:25 | Peasant |
| 4:25 | Peasant |
| 4:37 | Healing Salve |
| 4:56 | Guard Tower |
| 4:59 | Scout Tower |
| 5:01 | Peasant |
| 5:04 | Improved Lumber Harvesting |
| 5:04 | Improved Masonry |
| 5:07 | Peasant |
| 5:08 | Peasant |
| 5:15 | Keep |
| 5:27 | Peasant |
| 5:28 | Guard Tower |
| 5:43 | Blacksmith |
| 5:55 | Scout Tower |
| 6:03 | Guard Tower |
| 6:06 | Scout Tower |
| 6:26 | Guard Tower |
| 6:29 | Arcane Tower |
| 6:32 | Scout Tower |
| 6:33 | Scout Tower |
| 6:38 | Guard Tower |
| 7:05 | Black Gunpowder |
| 7:15 | Peasant |
| 7:27 | Scout Tower |
| 7:28 | Scout Tower |
| 7:30 | Scout Tower |
| 7:33 | Scout Tower |
| 7:35 | Scout Tower |
| 7:36 | Scout Tower |
| 7:37 | Scout Tower |
| 7:40 | Castle |
| 7:49 | Peasant |
| 7:49 | Peasant |
| 7:52 | Advanced Lumber Harvesting |
| 7:52 | Advanced Masonry |
| 8:00 | Workshop |
| 8:01 | Workshop |
| 8:02 | Workshop |
| 8:22 | Peasant |
| 8:23 | Peasant |
| 8:34 | Guard Tower |
| 8:37 | Scout Tower |
| 8:38 | Scout Tower |
| 8:43 | Peasant |
| 9:00 | Workshop |
| 9:17 | Guard Tower |
| 9:30 | Flak Cannons |
| 9:30 | Flare |
| 9:32 | Guard Tower |
| 9:34 | Refined Gunpowder |
| 9:35 | Iron Plating |
| 10:04 | Flying Machine Bombs |
| 10:04 | Fragmentation Shards |
| 10:20 | Farm |
| 10:22 | Farm |
| 10:23 | Farm |
| 10:27 | Farm |
| 10:28 | Farm |
| 10:29 | Farm |
| 10:32 | Mortar Team |
| 10:47 | Holy Light |
| 10:55 | Guard Tower |
| 11:35 | Imbued Masonry |
| 11:45 | Farm |
| 12:01 | Flying Machine |
| 12:01 | Flying Machine |
| 12:02 | Flying Machine |
| 12:02 | Flying Machine |
| 12:02 | Flying Machine |
| 12:02 | Flying Machine |
| 12:21 | Farm |
| 12:22 | Farm |
| 12:35 | Farm |
| 12:37 | Flying Machine |
| 12:37 | Flying Machine |
| 12:39 | Imbued Gunpowder |
| 13:51 | Flying Machine |
| 13:51 | Flying Machine |
| 13:52 | Flying Machine |
| 13:52 | Flying Machine |
| 13:52 | Flying Machine |
| 14:05 | Farm |
| 14:07 | Farm |
| 14:11 | Farm |
| 14:32 | Steel Plating |
| 15:04 | Flying Machine |
| 15:35 | Arcane Vault |
| 15:43 | Lumber Mill |
| 17:55 | Holy Light |
| 17:56 | Divine Shield |
| 17:58 | Bash |
| 18:00 | Bash |
| 19:44 | Flying Machine |
| 19:45 | Flying Machine |
| 19:45 | Flying Machine |
| 19:45 | Flying Machine |
| 19:45 | Flying Machine |
| 22:31 | Mortar Team |
| 22:35 | Mortar Team |
| 23:11 | Mithril Plating |
| 24:11 | Scout Tower |
| 24:12 | Scout Tower |
| 24:14 | Scout Tower |
| 24:16 | Scout Tower |
| 24:17 | Scout Tower |
| 24:17 | Scout Tower |
| 24:41 | Gryphon Aviary |
| 25:23 | Guard Tower |
| 25:25 | Guard Tower |
| Right click | 1000 |
| Select group | 422 |
| Select | 310 |
| Build/train/purchase | 96 |
| Misc. action | 61 |
| Use ability | 42 |
| Assign group | 13 |
| Resource trade | 11 |
| Minimap ping | 10 |
| Esc | 8 |
Cabeelibob
(194)
(26:32) : 
| Healing Salve | 3 | 300 |
| Lesser Clarity Potion | 2 | 140 |
| Orb of Lightning | 1 | 375 |
| total: | 6 | 815g |
| Peon | 22 | 1650 | / | 0 |
| Troll Witch Doctor | 4 | 580 | / | 100 |
| total: | 26 | 2230g | / | 100w |
| Watch Tower | 12 | 1320 | / | 960 |
| Altar of Storms | 2 | 360 | / | 100 |
| Orc Burrow | 3 | 480 | / | 120 |
| War Mill | 1 | 205 | / | 0 |
| Voodoo Lounge | 1 | 130 | / | 30 |
| Great Hall | 2 | 770 | / | 370 |
| Spirit Lodge | 1 | 150 | / | 150 |
| Beastiary | 1 | 145 | / | 140 |
| Stronghold | 1 | 315 | / | 190 |
| Fortress | 1 | 325 | / | 190 |
| total: | 23 | 3560g | / | 1870w |
| 0:03 | Altar of Storms |
| 0:05 | Altar of Storms |
| 0:09 | Orc Burrow |
| 0:10 | Peon |
| 0:26 | Peon |
| 0:51 | Peon |
| 0:51 | Peon |
| 1:05 | War Mill |
| 1:28 | Orc Burrow |
| 1:30 | Peon |
| 1:32 | Peon |
| 1:51 | Peon |
| 2:05 | Voodoo Lounge |
| 2:12 | Wind Walk |
| 2:23 | Peon |
| 2:23 | Peon |
| 2:56 | Peon |
| 2:56 | Peon |
| 2:56 | Peon |
| 3:30 | Watch Tower |
| 3:31 | Watch Tower |
| 3:32 | Watch Tower |
| 4:20 | Stronghold |
| 4:32 | Healing Salve |
| 4:33 | Lesser Clarity Potion |
| 4:55 | Watch Tower |
| 5:47 | Critical Strike |
| 6:13 | Watch Tower |
| 6:16 | Watch Tower |
| 6:17 | Watch Tower |
| 6:17 | Watch Tower |
| 6:22 | Watch Tower |
| 6:35 | Healing Salve |
| 7:37 | Fortress |
| 7:40 | Watch Tower |
| 10:38 | Reinforced Defenses |
| 10:42 | Watch Tower |
| 11:20 | Spirit Lodge |
| 11:42 | Critical Strike |
| 12:12 | Watch Tower |
| 12:14 | Spiked Barricades |
| 13:09 | Witch Doctor Adept Training |
| 14:35 | Improved Spiked Barricades |
| 15:06 | Orb of Lightning |
| 15:11 | Lesser Clarity Potion |
| 15:13 | Healing Salve |
| 15:23 | Witch Doctor Master Training |
| 15:23 | Troll Witch Doctor |
| 15:24 | Troll Witch Doctor |
| 15:24 | Troll Witch Doctor |
| 15:24 | Troll Witch Doctor |
| 18:39 | Orc Burrow |
| 18:45 | Beastiary |
| 18:52 | Great Hall |
| 19:50 | War Drums Damage Increase |
| 20:22 | Wind Walk |
| 22:17 | Great Hall |
| 22:25 | Critical Strike |
| 25:21 | Peon |
| 25:21 | Peon |
| 25:21 | Peon |
| 25:21 | Peon |
| 25:22 | Peon |
| 26:30 | Peon |
| 26:30 | Peon |
| 26:30 | Peon |
| 26:31 | Peon |
| 26:31 | Peon |
| Right click | 779 |
| Select | 170 |
| Select group | 141 |
| Misc. action | 81 |
| Build/train/purchase | 79 |
| Resource trade | 68 |
| Use ability | 18 |
| Item give/drop | 5 |
| Assign group | 4 |
| Remove unit | 4 |
| Esc | 2 |
| Minimap ping | 1 |
183 units @ 20.4k
/ 2.9k
98 buildings @ 16.8k
/ 7.7k
⇛
DeathKnight
(2)
(26:24) : 

| Healing Salve | 3 | 300 |
| Lesser Clarity Potion | 4 | 280 |
| Scroll of Town Portal | 2 | 700 |
| total: | 9 | 1280g |
| Peon | 24 | 1800 | / | 0 |
| Grunt | 6 | 1200 | / | 0 |
| Shaman | 7 | 910 | / | 140 |
| Tauren | 3 | 840 | / | 240 |
| Demolisher | 2 | 440 | / | 100 |
| Troll Headhunter | 8 | 1120 | / | 160 |
| Archer | 22 | 2860 | / | 220 |
| Dryad | 13 | 1885 | / | 780 |
| Wisp | 6 | 360 | / | 0 |
| total: | 91 | 11415g | / | 1640w |
| Watch Tower | 11 | 1210 | / | 880 |
| Altar of Storms | 3 | 540 | / | 150 |
| Orc Burrow | 11 | 1760 | / | 440 |
| Barracks | 2 | 360 | / | 100 |
| Voodoo Lounge | 2 | 260 | / | 60 |
| War Mill | 2 | 410 | / | 0 |
| Great Hall | 4 | 1540 | / | 740 |
| Spirit Lodge | 2 | 300 | / | 300 |
| Tauren Totem | 2 | 270 | / | 310 |
| Stronghold | 3 | 945 | / | 570 |
| Fortress | 1 | 325 | / | 190 |
| Ancient Protector | 2 | 270 | / | 160 |
| Moon Well | 9 | 1620 | / | 360 |
| Ancient of War | 2 | 300 | / | 120 |
| Tree of Life | 2 | 680 | / | 370 |
| total: | 54 | 9520g | / | 3990w |
| 0:03 | Peon |
| 0:03 | Peon |
| 0:18 | Altar of Storms |
| 0:23 | Orc Burrow |
| 0:33 | Peon |
| 0:33 | Peon |
| 0:49 | Barracks |
| 1:01 | Peon |
| 1:06 | Peon |
| 1:07 | Peon |
| 1:30 | Voodoo Lounge |
| 1:42 | Peon |
| 1:58 | Grunt |
| 2:05 | Orc Burrow |
| 2:22 | War Stomp |
| 2:25 | Grunt |
| 2:46 | War Mill |
| 3:13 | Grunt |
| 3:28 | Healing Salve |
| 4:28 | Great Hall |
| 4:41 | Great Hall |
| 4:43 | Stronghold |
| 4:45 | Grunt |
| 4:47 | Endurance Aura |
| 4:49 | Lesser Clarity Potion |
| 4:56 | Lesser Clarity Potion |
| 5:47 | Orc Burrow |
| 5:49 | Orc Burrow |
| 6:17 | Endurance Aura |
| 6:49 | Grunt |
| 6:49 | Grunt |
| 6:53 | Steel Armor |
| 7:05 | Fortress |
| 7:45 | Spirit Lodge |
| 7:48 | Spirit Lodge |
| 8:31 | Tauren Totem |
| 8:32 | Berserker Strength |
| 8:43 | Thorns Aura |
| 8:56 | Peon |
| 8:57 | Peon |
| 8:57 | Peon |
| 8:57 | Peon |
| 9:06 | Healing Wave |
| 9:58 | War Stomp |
| 10:10 | Shaman Adept Training |
| 10:12 | Shaman |
| 10:12 | Shaman |
| 10:18 | Peon |
| 10:18 | Peon |
| 10:21 | Peon |
| 10:22 | Peon |
| 10:26 | Watch Tower |
| 10:30 | Archer |
| 10:30 | Archer |
| 10:30 | Archer |
| 10:30 | Archer |
| 10:30 | Archer |
| 10:30 | Archer |
| 10:30 | Archer |
| 10:33 | Dryad |
| 10:33 | Dryad |
| 10:33 | Dryad |
| 10:39 | Moon Well |
| 10:46 | Moon Well |
| 10:48 | Hex |
| 10:56 | Orc Burrow |
| 11:01 | Steel Melee Weapons |
| 11:03 | Shaman |
| 11:03 | Shaman |
| 11:05 | Tauren |
| 11:25 | Pillage |
| 11:30 | Shaman Master Training |
| 11:42 | Tauren Totem |
| 12:16 | Moon Well |
| 12:18 | Abolish Magic |
| 12:36 | Shaman |
| 12:36 | Shaman |
| 12:36 | Shaman |
| 12:38 | Orc Burrow |
| 12:39 | Orc Burrow |
| 12:42 | Tauren |
| 12:42 | Tauren |
| 13:39 | Demolisher |
| 13:40 | Demolisher |
| 13:40 | Burning Oil |
| 13:45 | Barracks |
| 13:59 | Moon Well |
| 14:02 | Dryad |
| 14:02 | Dryad |
| 14:02 | Dryad |
| 14:06 | Wisp |
| 14:06 | Wisp |
| 14:07 | Wisp |
| 14:31 | Reinforced Defenses |
| 14:39 | Orc Burrow |
| 15:36 | Watch Tower |
| 16:46 | Archer |
| 16:46 | Archer |
| 16:46 | Archer |
| 16:47 | Marksmanship |
| 16:49 | Dryad |
| 16:50 | Dryad |
| 16:50 | Dryad |
| 16:50 | Dryad |
| 16:55 | Ancient of War |
| 17:00 | Ancient of War |
| 17:02 | Nature's Blessing |
| 17:38 | Archer |
| 17:38 | Archer |
| 17:38 | Archer |
| 17:39 | Archer |
| 17:39 | Archer |
| 17:39 | Archer |
| 17:44 | Great Hall |
| 18:01 | Dryad |
| 18:02 | Dryad |
| 18:02 | Dryad |
| 18:05 | Archer |
| 18:05 | Archer |
| 18:16 | Archer |
| 18:17 | Improved Bows |
| 18:19 | Strength of the Moon |
| 18:21 | Archer |
| 18:21 | Archer |
| 18:22 | Archer |
| 18:39 | Watch Tower |
| 18:41 | Watch Tower |
| 18:59 | Altar of Storms |
| 19:02 | Watch Tower |
| 19:05 | Watch Tower |
| 19:09 | War Mill |
| 19:13 | Altar of Storms |
| 19:49 | Scroll of Town Portal |
| 19:49 | Scroll of Town Portal |
| 19:54 | Tree of Life |
| 20:17 | Orc Burrow |
| 20:20 | Orc Burrow |
| 20:22 | Orc Burrow |
| 20:26 | Voodoo Lounge |
| 20:30 | Peon |
| 20:30 | Peon |
| 20:30 | Peon |
| 20:31 | Peon |
| 20:31 | Peon |
| 20:49 | Moon Well |
| 20:58 | Moon Well |
| 21:05 | Moon Well |
| 21:33 | Ultravision |
| 21:59 | Watch Tower |
| 22:07 | Watch Tower |
| 22:10 | Watch Tower |
| 22:19 | Moon Well |
| 22:20 | Wisp |
| 22:20 | Wisp |
| 22:20 | Wisp |
| 22:25 | Moon Well |
| 22:32 | Well Spring |
| 22:43 | Tree of Life |
| 22:50 | Spiked Barricades |
| 22:55 | Stronghold |
| 23:09 | Peon |
| 23:09 | Peon |
| 23:09 | Peon |
| 23:21 | Watch Tower |
| 23:26 | Healing Wave |
| 23:30 | Steel Ranged Weapons |
| 23:33 | Troll Headhunter |
| 23:34 | Troll Headhunter |
| 23:34 | Troll Headhunter |
| 23:38 | Lesser Clarity Potion |
| 23:39 | Healing Salve |
| 23:43 | Healing Salve |
| 23:43 | Lesser Clarity Potion |
| 23:54 | Watch Tower |
| 23:59 | Troll Headhunter |
| 24:00 | Troll Headhunter |
| 24:05 | Improved Strength of the Moon |
| 24:09 | Moon Armor |
| 24:19 | Ancient Protector |
| 24:24 | Ancient Protector |
| 25:29 | Troll Headhunter |
| 25:29 | Troll Headhunter |
| 25:29 | Troll Headhunter |
| 25:44 | Great Hall |
| Right click | 764 |
| Select | 446 |
| Build/train/purchase | 161 |
| Misc. action | 27 |
| Use ability | 25 |
| Select group | 24 |
| Minimap ping | 5 |
| Resource trade | 5 |
| Assign group | 4 |
| Remove unit | 1 |

| Wisp | 20 | 1200 | / | 0 |
| Archer | 7 | 910 | / | 70 |
| total: | 27 | 2110g | / | 70w |
| Altar of Elders | 1 | 180 | / | 50 |
| Moon Well | 3 | 540 | / | 120 |
| Ancient of War | 1 | 150 | / | 60 |
| Tree of Life | 1 | 340 | / | 185 |
| Hunter's Hall | 1 | 210 | / | 100 |
| Ancient of Wonders | 1 | 90 | / | 30 |
| Tree of Ages | 1 | 320 | / | 180 |
| total: | 8 | 1510g | / | 545w |
| 0:04 | Wisp |
| 0:04 | Wisp |
| 0:11 | Altar of Elders |
| 0:19 | Moon Well |
| 0:28 | Wisp |
| 0:36 | Ancient of War |
| 1:05 | Wisp |
| 1:05 | Wisp |
| 1:06 | Wisp |
| 1:30 | Wisp |
| 1:46 | Moon Well |
| 1:49 | Archer |
| 2:12 | Archer |
| 2:17 | Force of Nature |
| 2:24 | Moon Well |
| 2:29 | Archer |
| 2:46 | Archer |
| 3:02 | Archer |
| 3:15 | Archer |
| 3:19 | Wisp |
| 3:19 | Wisp |
| 4:03 | Thorns Aura |
| 4:18 | Tree of Life |
| 4:21 | Wisp |
| 4:21 | Wisp |
| 4:39 | Hunter's Hall |
| 4:56 | Tree of Ages |
| 5:16 | Ancient of Wonders |
| 5:17 | Archer |
| 6:02 | Force of Nature |
| 6:16 | Strength of the Moon |
| 6:17 | Moon Armor |
| 6:35 | Wisp |
| 6:35 | Wisp |
| 6:35 | Wisp |
| 6:35 | Wisp |
| 6:36 | Wisp |
| 7:06 | Wisp |
| 7:07 | Wisp |
| 7:07 | Wisp |
| 7:07 | Wisp |
| Select | 103 |
| Right click | 92 |
| Build/train/purchase | 35 |
| Use ability | 14 |


| Dust of Appearance | 1 | 75 |
| Scroll of Town Portal | 4 | 1400 |
| total: | 5 | 1475g |
| Wisp | 36 | 2160 | / | 0 |
| Archer | 12 | 1560 | / | 120 |
| Chimaera | 4 | 1320 | / | 280 |
| Dryad | 13 | 1885 | / | 780 |
| total: | 65 | 6925g | / | 1180w |
| Ancient Protector | 13 | 1755 | / | 1040 |
| Moon Well | 10 | 1800 | / | 400 |
| Altar of Elders | 1 | 180 | / | 50 |
| Ancient of War | 1 | 150 | / | 60 |
| Ancient of Wonders | 1 | 90 | / | 30 |
| Hunter's Hall | 1 | 210 | / | 100 |
| Tree of Life | 1 | 340 | / | 185 |
| Ancient of Lore | 5 | 775 | / | 725 |
| Chimaera Roost | 3 | 420 | / | 570 |
| Tree of Ages | 1 | 320 | / | 180 |
| Tree of Eternity | 2 | 660 | / | 400 |
| total: | 36 | 5720g | / | 3160w |
| 0:02 | Wisp |
| 0:02 | Wisp |
| 0:02 | Wisp |
| 0:07 | Moon Well |
| 0:19 | Altar of Elders |
| 0:33 | Ancient of War |
| 0:36 | Wisp |
| 0:52 | Wisp |
| 1:04 | Wisp |
| 1:35 | Archer |
| 1:35 | Archer |
| 1:38 | Wisp |
| 1:43 | Moon Well |
| 1:59 | Moon Well |
| 2:44 | Trueshot Aura |
| 2:47 | Wisp |
| 2:47 | Wisp |
| 2:51 | Archer |
| 3:08 | Archer |
| 3:24 | Tree of Ages |
| 3:27 | Archer |
| 3:32 | Ancient of Wonders |
| 3:49 | Hunter's Hall |
| 4:05 | Archer |
| 4:35 | Archer |
| 4:40 | Moon Well |
| 4:50 | Scout |
| 5:46 | Wisp |
| 5:46 | Wisp |
| 5:46 | Wisp |
| 6:17 | Trueshot Aura |
| 6:29 | Tree of Eternity |
| 6:33 | Ancient of Lore |
| 6:37 | Ancient of Lore |
| 6:53 | Moon Well |
| 7:38 | Tree of Life |
| 7:40 | Ancient Protector |
| 7:41 | Ancient Protector |
| 7:56 | Abolish Magic |
| 8:27 | Tree of Eternity |
| 8:30 | Archer |
| 8:30 | Archer |
| 8:36 | Ancient of Lore |
| 8:42 | Ancient of Lore |
| 8:43 | Ancient of Lore |
| 8:47 | Ancient Protector |
| 8:49 | Ancient Protector |
| 8:50 | Ancient Protector |
| 9:02 | Wisp |
| 9:02 | Wisp |
| 9:02 | Wisp |
| 9:02 | Wisp |
| 9:02 | Wisp |
| 9:45 | Scout |
| 10:17 | Wisp |
| 10:17 | Wisp |
| 10:17 | Wisp |
| 10:18 | Wisp |
| 10:18 | Wisp |
| 10:22 | Wisp |
| 10:23 | Wisp |
| 10:28 | Chimaera Roost |
| 10:31 | Chimaera Roost |
| 10:32 | Chimaera Roost |
| 10:34 | Wisp |
| 10:34 | Wisp |
| 10:39 | Moon Well |
| 10:41 | Moon Well |
| 10:56 | Wisp |
| 10:56 | Wisp |
| 11:00 | Wisp |
| 12:11 | Corrosive Breath |
| 12:11 | Chimaera |
| 12:15 | Wisp |
| 12:15 | Wisp |
| 12:32 | Well Spring |
| 13:04 | Dust of Appearance |
| 13:05 | Scroll of Town Portal |
| 13:38 | Chimaera |
| 13:42 | Moon Well |
| 13:43 | Moon Well |
| 13:44 | Moon Well |
| 13:48 | Strength of the Wild |
| 14:29 | Chimaera |
| 14:47 | Reinforced Hides |
| 15:43 | Improved Strength of the Wild |
| 16:21 | Trueshot Aura |
| 16:43 | Chimaera |
| 17:17 | Thorns Aura |
| 17:37 | Dryad |
| 17:37 | Dryad |
| 17:37 | Dryad |
| 17:54 | Dryad |
| 17:54 | Dryad |
| 18:09 | Archer |
| 18:09 | Archer |
| 18:09 | Archer |
| 18:14 | Wisp |
| 18:14 | Wisp |
| 18:14 | Wisp |
| 18:14 | Wisp |
| 18:15 | Wisp |
| 18:27 | Scroll of Town Portal |
| 18:51 | Dryad |
| 18:52 | Dryad |
| 19:06 | Dryad |
| 19:55 | Dryad |
| 19:55 | Dryad |
| 19:56 | Dryad |
| 20:28 | Ancient Protector |
| 20:29 | Ancient Protector |
| 20:32 | Ancient Protector |
| 20:33 | Ancient Protector |
| 21:01 | Scroll of Town Portal |
| 21:05 | Starfall |
| 21:48 | Improved Reinforced Hides |
| 21:49 | Dryad |
| 21:49 | Dryad |
| 22:27 | Ancient Protector |
| 22:30 | Ancient Protector |
| 22:33 | Ancient Protector |
| 22:35 | Ancient Protector |
| 24:14 | Scroll of Town Portal |
| Right click | 995 |
| Select | 478 |
| Misc. action | 182 |
| Build/train/purchase | 109 |
| Select group | 20 |
| Use ability | 11 |
| Esc | 8 |
| Minimap ping | 5 |
| Assign group | 4 |